[Event "TUR-ch Men 2018"]
[Site "Kemer"]
[Date "2018.10.17"]
[Round "7.6"]
[White "Soysal, Serkan"]
[Black "Gulbas, Cemil"]
[Result "0-1"]
[ECO "E90"]
[WhiteElo "2415"]
[BlackElo "2393"]
[Annotator "ChessBase"]
[PlyCount "170"]
[EventDate "2018.10.26"]
[EventType "tourn"]
[EventCountry "TUR"]
[SourceTitle "playchess.com"]
[Source "ChessBase"]
[SourceQuality "1"]
[TimeControl "5400+30"]

1. Nf3 Nf6 2. d4 g6 3. c4 Bg7 4. Nc3 O-O 5. e4 d6 6. h3 e5 7. d5 a5 8. g4 Na6 9. Be3 Nd7 10. Rg1 f6 11. h4 Rf7 12. h5 g5 13. a3 Nb6 14. Bxb6 cxb6 15. Nd2 Bd7 16. Be2 Bf8 17. Rg3 Be7 18. Qb1 a4 19. b4 axb3 20. Nxb3 Qc8 21. Ra2 Bd8 22. Kf1 Be8 23. Nb5 Qb8 24. Kg2 Kf8 25. a4 Nc5 26. a5 bxa5 27. Nxc5 dxc5 28. Rb3 Bxb5 29. Rxb5 Qc8 30. Bd1 b6 31. Kg3 Rd7 32. Ba4 Rd6 33. Rab2 Qa6 34. Qd3 Bc7 35. Qf3 Rad8 36. Qf5 Kg8 37. Qf3 Rb8 38. Qc3 Qc8 39. R5b3 Qf8 40. Bc6 Kg7 41. Rb1 Kg8 42. Qa1 Kf7 43. Qa4 Ke7 44. Qb5 Qc8 45. Rf3 Rd8 46. Rf5 Bd6 47. Kf3 Rg8 48. Ke2 Rf8 49. Rb3 h6 50. Rb1 Rd8 51. Kd3 Rf8 52. Kc2 Rd8 53. Kb3 Rf8 54. Ka4 Rd8 55. Rg1 Bc7 56. Qb2 Bd6 57. Qc3 Rg8 58. Rg3 Rf8 59. Qe1 Rf7 60. Rg2 Rg7 61. Rg1 Rg8 62. Rf1 Rg7 63. Bb5 Ra8 64. Qc3 Rf7 65. f4 gxf4 66. Bc6 Ra7 67. R1xf4 Qg8 68. Rf3 Rc7 69. Qb2 Qxg4 70. Qxb6 Qxe4 71. Bb5 Qc2+ 72. Kxa5 Qa2+ 73. Ba4 Rc8 74. Qa7+ Rc7 75. Qa6 e4 76. Rb3 Qd2+ 77. Kb5 Rf8 78. Qb6 Rd7 79. Kc6 Rc8+ 80. Kb5 Rb8 81. Qxb8 Bxb8 82. Kb6 Bc7+ 83. Kb7 Be5+ 84. Bxd7 Kxd7 85. d6 e3 0-1

[Event "TUR-ch Men 2018"]
[Site "Kemer"]
[Date "2018.10.17"]
[Round "9.3"]
[White "Sevgi, Volkan"]
[Black "Yilmazyerli, Mert"]
[Result "0-1"]
[ECO "B09"]
[WhiteElo "2296"]
[BlackElo "2442"]
[Annotator "NA"]
[PlyCount "61"]
[EventDate "2018.10.26"]
[EventType "tourn"]
[EventCountry "TUR"]
[SourceTitle "playchess.com"]
[Source "ChessBase"]
[SourceQuality "1"]
[TimeControl "5400+30"]

1. e4 g6 2. d4 Bg7 3. Nc3 d6 4. f4 Nf6 5. Nf3 O-O 6. Bd3 Nc6 7. e5 dxe5 8. fxe5 Nh5 9. Be3 Bg4 10. Be2 f6 11. exf6 exf6 12. O-O Re8 13. Qd2 Ne7 14. Bf2 Nf5 15. h3 Bh6 16. Qd3 Bxh3 17. gxh3 Nf4 18. Qc4+ Kh8 19. Rae1 Qd7 20. Bd1 Nd6 21. Qb3 Qxh3 22. Nh4 Bg5 23. Ne2 Qg4+ 24. Qg3 Nh3+ 25. Kh2 Nxf2 26. Nxg6+ hxg6 27. Qxf2 Re7 28. Ng3 Rh7+ 29. Kg1 Qh4 30. Bf3 Bf4 31. Ne2 0-1

[Event "TUR-ch Men 2018"]
[Site "Kemer"]
[Date "2018.10.17"]
[Round "9.4"]
[White "Baglan, Esat"]
[Black "Zor, Alber Kadir"]
[Result "1-0"]
[ECO "B12"]
[WhiteElo "2343"]
[BlackElo "2137"]
[Annotator "NA"]
[PlyCount "61"]
[EventDate "2018.10.26"]
[EventType "tourn"]
[EventCountry "TUR"]
[SourceTitle "playchess.com"]
[Source "ChessBase"]
[SourceQuality "1"]
[TimeControl "5400+30"]

1. e4 c6 2. d4 d5 3. e5 Bf5 4. Nf3 e6 5. Be2 Ne7 6. O-O c5 7. c4 Nbc6 8. dxc5 d4 9. Qb3 Qc7 10. Na3 a6 11. Qa4 O-O-O 12. b4 Ng6 13. Nb5 axb5 14. cxb5 Bc2 15. Qxc2 d3 16. b6 dxc2 17. bxc7 Kxc7 18. a3 Be7 19. Ra2 Ncxe5 20. Nxe5 Nxe5 21. Bf4 Bf6 22. Rxc2 Rd5 23. Re1 Rhd8 24. c6 bxc6 25. Bf3 Kb7 26. Bxd5 Rxd5 27. Bxe5 Bxe5 28. g3 Bc7 29. Rec1 Bb6 30. Rxc6 Rd2 31. R6c2 1-0